 Dungeon Crawl Stone Soup version 0.30-a0-347-gf58ed5266c (webtiles) character file.

Game seed: 11221667830337953646

75 bande the Trooper (level 4, -2/29 HPs)
             Began as a Gargoyle Fighter on Nov 7, 2022.
             Slain by a gnoll
             ... wielding a +0 spear
              (8 damage)
             ... on level 2 of the Dungeon.
             The game lasted 00:01:22 (810 turns).

bande the Trooper (Gargoyle Fighter)                 Turns: 810, Time: 00:01:23

Health: -2/29      AC: 10    Str: 19    XL:     4   Next: 31%
Magic:  4/4        EV:  9    Int:  9    God:
Gold:   44         SH:  4    Dex: 11    Spells: 3/3 levels left

rFire   . . .      SeeInvis .    a - +0 war axe
rCold   + . .      Faith    .    c - +0 buckler
rNeg    + . .      Spirit   .    b - +0 scale mail
rPois   ∞          Reflect  .    (no helmet)
rElec   +          Harm     .    (no cloak)
rCorr   .          Rampage  .    (no gloves)
Will    .....                    (no boots)
Stlth   ..........               (no amulet)
HPRegen 0.24/turn                h - ring of protection from cold
MPRegen 0.09/turn                (no ring)

@: no status effects
A: sickness immunity, AC +3, negative energy resistance 1, electricity
resistance, torment resistance 1, petrification resistance
a: no special abilities


You were on level 2 of the Dungeon.
You visited 1 branch of the dungeon, and saw 2 of its levels.

You collected 44 gold pieces.

Inventory:

Hand Weapons
 a - a +0 war axe (weapon)
Armour
 b - a +0 scale mail (worn)
 c - a +0 buckler (worn)
Jewellery
 h - a ring of protection from cold (left hand)
Scrolls
 e - 2 scrolls of identify {unknown}
 f - a scroll of acquirement {unknown}
 g - 2 scrolls of amnesia {unknown}
 j - a scroll of vulnerability {unknown}
Potions
 d - a potion of might
 i - a potion of lignification {unknown}
 k - a potion of attraction {unknown}


   Skills:
 + Level 4.1 Fighting
 + Level 2.4 Axes
 + Level 3.9 Armour
 + Level 0.2 Stealth
 + Level 3.9 Shields


You had 3 spell levels left.
You didn't know any spells.
Your spell library was empty.

Dungeon Overview and Level Annotations

Branches:
Dungeon (2/15)

Altars:


Innate Abilities, Weirdness & Mutations

You are immune to sickness and miasma.
Your stone body is resilient. (AC +3)
You are immune to poison.
You resist negative energy. (rN+)
You are resistant to electric shocks. (rElec)
You are resistant to unholy torment.
You are immune to petrification.


Message History

The gnoll completely misses you.
Your Fighting skill increases to level 4!
You have reached level 4!
You feel clever.
Unknown command.
You slash the gnoll!
The gnoll is almost dead.
You miss the goblin. The bat barely misses you.
The goblin hits you but does no damage. The gnoll completely misses you.
The gnoll closely misses you.
You barely miss the gnoll.
The gnoll is almost dead.
You hit the goblin.
You kill the goblin!
The bat hits you but does no damage. The gnoll barely misses you.
The gnoll hits you from afar with a +0 spear.
Unknown command.
You hit the gnoll.
You kill the gnoll!
You block the gnoll's attack. The gnoll completely misses you.
You block the bat's attack. The bat hits you but does no damage.
The gnoll hits you from afar with a +0 spear.
The bat hits you but does no damage.
Things that are here:
a +0 club; a +0 whip Unknown command.
The gnoll barely misses you. You block the bat's attack.
The bat hits you but does no damage. The gnoll hits you but does no damage.
You block the worm's attack.
Things that are here:
a +0 club; a +0 whip The gnoll hits you with a +0 spear.
* * * LOW HITPOINT WARNING * * *
The bat closely misses you.
You slash the worm!
The worm is heavily wounded.
You barely miss the bat. You barely miss the gnoll.
The bat hits you but does no damage. The gnoll hits you with a +0 spear!
You die...

............#.....
#.#.#.#...#.#..####
#.#...#.>.....####
# #...#....).....#
# #...#....##.##.#
#.#...#.....g.....
#.......b#.##.##..
###...##.#.##.# ..
.......@))....# .
####.#gw...#..#
#.........>#
#.#......#.#
......#.......
.......#.###.##
..........# .#
..........# .
....... ..


You could see a worm, a gnoll and a bat.

Vanquished Creatures
  3 gnolls (D:2)
  A dart slug (D:1)
  5 ball pythons
  5 endoplasms
  2 giant cockroaches (D:1)
  3 goblins
  6 hobgoblins (D:1)
  2 jackals (D:1)
  A quokka (D:1)
  3 bats (D:1)
  2 frilled lizards (D:1)
  5 kobolds
  3 rats (D:1)
41 creatures vanquished.

Notes
Turn   | Place    | Note
-------+----------+-------------------------------------------
     0 | D:1      | bande the Gargoyle Fighter began the quest for the Orb.
     0 | D:1      | Reached XP level 1. HP: 14/14 MP: 1/1
    49 | D:1      | Reached XP level 2. HP: 14/19 MP: 2/2
   226 | D:1      | Reached XP level 3. HP: 21/24 MP: 3/3
   789 | D:2      | Identified the +4 whip of Inference {pain, Drain rPois rF+}
   803 | D:2      | Reached skill level 4 in Fighting
   803 | D:2      | Reached XP level 4. HP: 16/29 MP: 4/4
   810 | D:2      | Slain by a gnoll

Illustrated notes

Levels and vault maps discovered:
D:1:      elethiomel_arrival_infinity_welcomes_careful_drivers, layout_rooms,
          minmay_domino_4
D:2:      minmay_diamond_boxcup, layout_basic, serial_shops,
          nicolae_shop_advertising_works [nicolae_subvault_shop_adworks],
          nicolae_shop_trees, nicolae_lakefront_shop, nicolae_shop_trees,
          nicolae_shop_trees, minmay_puff

Skill      XL: |  1  2  3 |
---------------+----------+-----
Axes           | 2 |  2.4
Fighting       | 4 |  4.1
Armour         | |  3.9
Stealth        | |  0.2
Shields        | |  3.9

Action                   |  1- 3 |  4- 6 || total
-------------------------+-------+-------++-------
Melee: War axe           |   103 |     4 ||   107
Armor: Scale mail        |    74 |     7 ||    81
Dodge: Dodged            |    60 |     7 ||    67
Block: Buckler           |    25 |     4 ||    29

Table legend: (Time is in decaauts)
 A = Elapsed time spent in this place.
 B = Non-inter-level travel time spent in this place.
 C = Inter-level travel time spent in this place.
 D = Time resting spent in this place.
 E = Time spent auto-exploring this place.
 F = Levels seen in this place.
 G = Mean time per level.
                   A        B        C        D        E       F      G
               +--------+--------+--------+--------+--------+-----+--------+
         Total |    856 |    856 |      0 |      0 |    601 |   2 |  428.0 |
       Dungeon |    856 |    856 |      0 |      0 |    601 |   2 |  428.0 |
               +--------+--------+--------+--------+--------+-----+--------+

Top non-repeatable levels by time:
     D:1: 782 daAuts
     D:2: 73 daAuts
